 Dungeon Crawl Stone Soup version 0.21-a0-414-gba8bdf1 (webtiles) character file.

510 Dysjunc the Chopper (level 7, -2/59 HPs)
             Began as a Gnoll Wanderer on Nov 2, 2017.
             Was an Initiate of Sif Muna.
             Slain by an ogre
             ... wielding a +0 giant club
              (20 damage)
             ... on level 5 of the Dungeon.
             The game lasted 00:13:30 (3938 turns).

Dysjunc the Chopper (Gnoll Wanderer)                Turns: 3938, Time: 00:13:31

Health: -2/59      AC: 13    Str: 13    XL:     7   Next: 19%
Magic:  19/19      EV:  4    Int: 18    God:    Sif Muna [......]
Gold:   227        SH:  0    Dex: 14    Spells: 10/10 levels left

rFire    . . .     SeeInvis .   w - +2 whip (venom)
rCold    . . .     Gourm    .   (no shield)
rNeg     . . .     Faith    .   m - +0 plate armour
rPois    .         Spirit   .   (no helmet)
rElec    .         Reflect  .   (no cloak)
rCorr    .         Harm     .   v - +0 pair of gloves
MR       +....     Rnd*Tele +   (no boots)
Stlth    ..........             u - amulet of magic regeneration
HPRegen  0.59/turn              e - ring of magical power
MPRegen  0.41/turn              g - ring of flight

@: no status effects
A: distributed training, fangs 1, magic resistance 1, regeneration 1,
teleportitis 1, MP-powered wands, strong nose
a: Renounce Religion, Evoke Flight


You were on level 5 of the Dungeon.
You worshipped Sif Muna.
Sif Muna was noncommittal.
You were not hungry.

You visited 1 branch of the dungeon, and saw 5 of its levels.

You collected 227 gold pieces.

Inventory:

Hand Weapons
 a - a +2 hand axe
 t - a +2 dagger of speed
 w - a +2 whip of venom (weapon)
Missiles
 l - 75 stones (quivered)
 y - 2 tomahawks of dispersal
Armour
 d - a +0 robe
 h - a +0 leather armour
 i - a +0 ring mail
 m - a +0 plate armour (worn)
 v - a +0 pair of gloves (worn)
Jewellery
 e - a ring of magical power (left hand)
 g - a ring of flight (right hand)
 u - an amulet of magic regeneration (around neck)
Scrolls
 c - 2 scrolls of teleportation
 n - 3 scrolls of recharging
 o - 2 scrolls of fear
 q - a scroll of identify {unknown}
 s - a scroll of remove curse
 x - a scroll of blinking {unknown}
Potions
 b - 4 potions of curing
 k - a potion of flight {unknown}
 p - a potion of magic
 r - a potion of resistance {unknown}
 z - a potion of haste {unknown}
Comestibles
 f - a fruit
 j - 2 royal jellies


   Skills:
 + Level 6.9 Fighting
 + Level 2.2 Short Blades
 + Level 2.2 Long Blades
 + Level 6.9 Axes
 + Level 2.2 Maces & Flails
 + Level 2.2 Polearms
 + Level 2.2 Staves
 + Level 2.2 Slings
 + Level 2.2 Bows
 + Level 2.2 Crossbows
 + Level 2.2 Throwing
 + Level 5.1 Armour
 + Level 2.2 Dodging
 + Level 3.3 Stealth
 + Level 2.2 Shields
 + Level 2.2 Unarmed Combat
 + Level 2.2 Spellcasting
 + Level 1.8 Conjurations
 + Level 1.8 Hexes
 + Level 1.8 Charms
 + Level 1.8 Summonings
 + Level 1.8 Necromancy
 + Level 1.8 Translocations
 + Level 1.8 Transmutations
 + Level 1.8 Fire Magic
 + Level 1.8 Ice Magic
 + Level 1.8 Air Magic
 + Level 1.8 Earth Magic
 + Level 1.8 Poison Magic
 + Level 2.5 Invocations
 + Level 3.4 Evocations


You had 10 spell levels left.
You didn't know any spells.

Dungeon Overview and Level Annotations

Branches:
Dungeon (5/15)
 Temple: D:4-7

Altars:
Cheibriados
Dithmenos
Sif Muna
Trog
Wu Jian
Xom

Shops:
D:4 *


Innate Abilities, Weirdness & Mutations

Your experience applies equally to all skills.
You have very sharp teeth.
Your uncanny sense of smell can sniff out nearby items.
You are resistant to hostile enchantments. (MR+)
Your natural rate of healing is unusually fast.
You are occasionally teleported next to monsters.
You expend magic power (3 MP) to strengthen your wands.


Message History

The ogre hits you with a giant club. The orc hits you but does no damage. x2
You hit the orc.
The orc is heavily wounded.
The jackal bites you but does no damage.
The ogre hits you with a giant club. The jackal barely misses you.
The orc hits you but does no damage. x2
You hit the orc.
You kill the orc!
Sif Muna accepts your kill.
The jackal bites you but does no damage.
The orc hits you with a whip. The ogre hits you but does no damage.
Your plate armour prevents you from hitting the orc.
The jackal bites you but does no damage.
The iguana bites you.
* * * LOW HITPOINT WARNING * * *
You hit the orc but do no damage.
The orc is poisoned.
The ogre looks more healthy.
The jackal bites you but does no damage.
The orc hits you but does no damage. The ogre hits you with a giant club!!
You die...

.....# ......###
........#### #
...........# .#
...........# ...
#..........## ....
#...........# .....
#......<...o##......
#.........ol@h._..._
...........O#†......
............#._..8..
...........##.......
# .....!....##
#...... .
..........# ..._..
###. #..<......#
.....# #.<.
##......... .....#
#..... ##..###...#∆
#.....


You could see an ogre, an iguana, 2 orcs and a jackal.

Vanquished Creatures
  Sigmund (D:3)
  The ghost of dforspid the Shooter, an amateur HuHu of Elyvilon (D:3)
  A bullfrog zombie (D:5)
  An iguana (D:4)
  A worker ant (D:4)
  4 gnolls (D:3)
  7 adders
  An ooze (D:3)
  3 worms
  2 leopard geckos (D:2)
  9 orcs
  5 giant cockroaches
  6 goblins
  7 hobgoblins
  5 jackals
  2 kobolds
  3 quokkas (D:2)
  7 bats
  4 frilled lizards
  A leopard gecko skeleton (D:4)
  6 rats
77 creatures vanquished.

Notes
Turn   | Place    | Note
-------+----------+-------------------------------------------
     0 | D:1      | Dysjunc the Gnoll Wanderer began the quest for the Orb.
     0 | D:1      | Dysjunc set off with: a +2 hand axe, a potion of curing, a scroll of teleportation, a +0 robe, a bread ration
     0 | D:1      | Reached XP level 1. HP: 23/23 MP: 2/2
   131 | D:1      | Reached XP level 2. HP: 29/29 MP: 3/3
   658 | D:2      | Reached XP level 3. HP: 35/35 MP: 4/4
   769 | D:2      | Reached skill level 1 in Invocations
   954 | D:2      | Reached skill level 1 in Short Blades
   954 | D:2      | Reached skill level 1 in Long Blades
   954 | D:2      | Reached skill level 1 in Maces & Flails
   954 | D:2      | Reached skill level 1 in Polearms
   954 | D:2      | Reached skill level 1 in Staves
   954 | D:2      | Reached skill level 1 in Slings
   954 | D:2      | Reached skill level 1 in Bows
   954 | D:2      | Reached skill level 1 in Crossbows
   954 | D:2      | Reached skill level 1 in Throwing
   954 | D:2      | Reached skill level 1 in Dodging
   954 | D:2      | Reached skill level 1 in Shields
   954 | D:2      | Reached skill level 1 in Unarmed Combat
   954 | D:2      | Reached skill level 1 in Spellcasting
   954 | D:2      | Reached XP level 4. HP: 33/41 MP: 4/6
  1182 | D:2      | Found a deep blue altar of Sif Muna.
  1689 | D:2      | Became a worshipper of Sif Muna the Loreminder
  1858 | D:3      | Found a bloodstained altar of Trog.
  1895 | D:3      | Reached skill level 1 in Conjurations
  1895 | D:3      | Reached skill level 1 in Hexes
  1895 | D:3      | Reached skill level 1 in Charms
  1895 | D:3      | Reached skill level 1 in Summonings
  1895 | D:3      | Reached skill level 1 in Necromancy
  1895 | D:3      | Reached skill level 1 in Translocations
  1895 | D:3      | Reached skill level 1 in Transmutations
  1895 | D:3      | Reached skill level 1 in Fire Magic
  1895 | D:3      | Reached skill level 1 in Ice Magic
  1895 | D:3      | Reached skill level 1 in Air Magic
  1895 | D:3      | Reached skill level 1 in Earth Magic
  1895 | D:3      | Reached skill level 1 in Poison Magic
  2344 | D:3      | Reached XP level 5. HP: 31/47 MP: 7/7
  2486 | D:3      | Noticed Sigmund
  2547 | D:3      | Killed Sigmund
  2547 | D:3      | Reached skill level 5 in Armour
  2547 | D:3      | Reached XP level 6. HP: 19/53 MP: 8/8
  2794 | D:3      | Noticed dforspid's ghost (amateur HuHu)
  2840 | D:3      | Gained mutation: You are occasionally teleported next to monsters. [potion of mutation]
  2840 | D:3      | Gained mutation: You expend magic power (3 MP) to strengthen your wands. [potion of mutation]
  2840 | D:3      | Gained mutation: You are resistant to hostile enchantments. (MR+) [potion of mutation]
  2840 | D:3      | Gained mutation: Your natural rate of healing is unusually fast. [potion of mutation]
  2889 | D:3      | Killed dforspid's ghost
  3382 | D:4      | Found Syshruosegg's Assorted Antiques.
  3481 | D:4      | Reached XP level 7. HP: 51/59 MP: 10/10
  3863 | D:5      | Entered Level 5 of the Dungeon
  3922 | D:5      | Found a shimmering altar of Xom.
  3925 | D:5      | Found a snail-covered altar of Cheibriados.
  3925 | D:5      | Found a shadowy altar of Dithmenos.
  3926 | D:5      | Found an ornate altar of the Wu Jian Council.
  3938 | D:5      | Slain by an ogre

Vault maps used:
D:1:      sevenhm_arrival_forest_fort_small_4
D:2:      lemuel_doored_altar, kennysheep_generic_room_4
D:3:      minmay_misc_feat_alley, bloody_trog, uniq_sigmund
D:4:      serial_shops, shop_statue
D:5:      overflow_temple_1_default, grunt_temple_overflow_open,
          minmay_temple_entry_purple_smoke, first_bread

Skill      XL: |  1  2  3  4  5  6 |
---------------+-------------------+-----
Invocations    | 1 2 |  2.5
Short Blades   | 1 2 |  2.2
Long Blades    | 1 2 |  2.2
Maces & Flails | 1 2 |  2.2
Polearms       | 1 2 |  2.2
Staves         | 1 2 |  2.2
Slings         | 1 2 |  2.2
Bows           | 1 2 |  2.2
Crossbows      | 1 2 |  2.2
Throwing       | 1 2 |  2.2
Dodging        | 1 2 |  2.2
Shields        | 1 2 |  2.2
Unarmed Combat | 1 2 |  2.2
Spellcasting   | 1 2 |  2.2
Conjurations   | 1 |  1.8
Hexes          | 1 |  1.8
Charms         | 1 |  1.8
Summonings     | 1 |  1.8
Necromancy     | 1 |  1.8
Translocations | 1 |  1.8
Transmutations | 1 |  1.8
Fire Magic     | 1 |  1.8
Ice Magic      | 1 |  1.8
Air Magic      | 1 |  1.8
Earth Magic    | 1 |  1.8
Poison Magic   | 1 |  1.8
Evocations     | 3 |  3.4
Armour         | 5 |  5.1
Stealth        | 3 |  3.3
Fighting       | |  6.9
Axes           | |  6.9

Action                   |  1- 3 |  4- 6 |  7- 9 || total
-------------------------+-------+-------+-------++-------
Melee: Hand axe          |    82 |   107 |       ||   189
       Bite              |     3 |    23 |     3 ||    29
       Punch             |       |     3 |     1 ||     4
       Whip              |       |    83 |    34 ||   117
  Use: Scroll            |       |     8 |       ||     8
       Potion            |       |     4 |       ||     4
 Stab: Sleeping          |     1 |       |       ||     1
  Eat: Chunk             |       |     4 |     1 ||     5
       Bread ration      |       |     1 |       ||     1
Armor: Ring mail         |     6 |       |       ||     6
       Plate armour      |    57 |    86 |    46 ||   189
       Skin              |       |    38 |       ||    38
Dodge: Dodged            |    23 |    39 |    15 ||    77

Table legend:
 A = Spawn XP
 B = Non-spawn XP
 C = Spawn XP percentage of total XP
 D = Spawn monster count
 E = Non-spawn monster count
 F = Spawn count percentage of total count
 G = Total turns spent on level
                    A         B        C        D         E        F      G
               +---------+---------+-------+---------+---------+-------+---------
         Total |       0 |     729 |   0.0 |       0 |      77 |   0.0 |  3938
               +---------+---------+-------+---------+---------+-------+---------
           D:1 |       0 |      29 |   0.0 |       0 |      18 |   0.0 |   651
           D:2 |       0 |      97 |   0.0 |       0 |      26 |   0.0 |  1069
           D:3 |       0 |     454 |   0.0 |       0 |      20 |   0.0 |  1591
           D:4 |       0 |     100 |   0.0 |       0 |       9 |   0.0 |   594
           D:5 |       0 |      49 |   0.0 |       0 |       4 |   0.0 |    33
               +---------+---------+-------+---------+---------+-------+---------
